Map: [ESL] Data-C

Players

Kelazhur

  • Race: Terran Terran
  • Spawn Location: 3:00

Neeb - Winner!

  • Race: Protoss Protoss
  • League: Master
  • Spawn Location: 9:00

Event: TSL 9

VOD

Have the link to the VOD?

Description

Time

  • Played on: Aug. 5, 2022, 12:54 p.m.
  • Length: 17:50

All games in this series

Show
View Real Time Build Order
Export as new Build Order

Kelazhur Terran 

Build Orders:  

Get SALT Encoding   

  12  0:00  SCV  
  13  0:12  SCV  
  14  0:17  Supply Depot  
  14  0:24  SCV  
  15  0:38  SCV  
  15  0:40  Barracks  
  16  0:43  Refinery  
  16  0:50  SCV  
  16  0:53  Refinery  
  17  1:02  SCV  
  18  1:06  Supply Depot  
  18  1:14  SCV  
  19  1:27  Reaper  
  19  1:29  Orbital Command  
  20  1:46  Factory  
  20  1:55  SCV  
  20  1:59  Barracks Reactor  
  21  2:07  SCV  
  22  2:20  Command Center  
  22  2:23  SCV  
  23  2:35  SCV  
  26  2:37  Widow Mine, Marine x2  
  28  2:44  Supply Depot  
  28  2:47  SCV  
  28  2:51  Starport  
  29  2:55  Marine  
  30  2:58  Factory Tech Lab  
  30  2:59  SCV  
  31  3:12  SCV  
  32  3:17  Cyclone  
  32  3:19  Marine x2  
  37  3:24  SCV  
  38  3:31  Viking  
  38  3:33  Orbital Command  
  40  3:37  SCV  
  40  3:38  Marine  
  40  3:40  Marine  
  43  3:49  SCV  
  43  3:55  Cyclone  
  47  3:58  SCV  
  47  3:59  Marine x2  
  47  4:01  SCV  
  51  4:07  Supply Depot, Medivac  
  52  4:10  SCV  
  52  4:14  SCV  
  54  4:28  SCV x2, Marine x2  
  54  4:30  Supply Depot  
  58  4:32  Barracks  
  58  4:34  Cyclone  
  61  4:41  SCV  
  62  4:48  Supply Depot  
  62  4:51  Viking, Marine x2, SCV  
  67  4:55  Supply Depot  
  61  5:08  SCV  
  61  5:09  SCV, Marine x2  
  63  5:19  Command Center  
  63  5:20  SCV  
  64  5:24  Engineering Bay  
  64  5:26  SCV  
  64  5:27  Marine x2  
  67  5:32  SCV  
  67  5:34  Marine  
  67  5:35  Stimpack  
  69  5:36  Factory Tech Lab  
  69  5:37  Barracks  
  69  5:38  Starport Tech Lab  
  69  5:39  SCV  
  69  5:40  Refinery  
  70  5:49  SCV  
  71  5:50  Supply Depot  
  71  5:51  Marine  
  71  5:56  Siege Tank, Marine  
  76  5:58  Marauder  
  76  6:01  SCV  
  76  6:02  Refinery  
  76  6:03  Supply Depot  
  79  6:04  Starport Reactor  
  79  6:06  SCV  
  79  6:08  Terran Infantry Weapons Level 1  
  80  6:12  Supply Depot  
  80  6:13  SCV  
  80  6:14  Marine  
  80  6:15  Marine  
  83  6:19  SCV, Marauder  
  83  6:25  SCV  
  85  6:32  Orbital Command  
  85  6:33  SCV, Barracks x2  
  85  6:35  Missile Turret  
  85  6:36  Marine x2  
  85  6:37  SCV  
  85  6:39  Combat Shield, Factory Reactor  
  89  6:41  Marine  
  89  6:43  Marine  
  89  6:46  SCV, Orbital Command  
  92  6:50  SCV  
  92  6:52  Medivac x2  
  97  6:56  Marine  
  97  6:57  Marine  
  97  6:59  SCV, Marauder  
  102  7:02  SCV  
  103  7:11  SCV  
  103  7:14  SCV  
  103  7:15  SCV  
  100  7:22  Missile Turret  
  100  7:23  SCV  
  100  7:24  Barracks Reactor  
  100  7:25  Marauder x3  
  100  7:26  SCV  
  100  7:27  SCV  
  109  7:30  Concussive Shells, Marine x2  
  109  7:32  Widow Mine  
  109  7:33  Widow Mine  
  109  7:35  SCV  
  109  7:36  Medivac  
  118  7:37  Medivac  
  118  7:41  SCV  
  118  7:42  Supply Depot, SCV  
  122  7:48  SCV  
  122  7:49  Marine  
  122  7:50  Marine  
  125  7:51  Supply Depot  
  125  7:54  SCV  
  125  7:55  Supply Depot  
  125  7:56  Missile Turret  
  125  8:07  SCV x2  
  125  8:08  Widow Mine, Terran Infantry Armor Level 1, Marauder x2  
  125  8:12  Marine x4  
  133  8:13  SCV, Widow Mine  
  133  8:17  Medivac  
  133  8:19  SCV x2  
  144  8:21  Marauder  
  144  8:25  Supply Depot, SCV  
  146  8:27  Supply Depot  
  146  8:32  Engineering Bay, Armory  
  146  8:35  Widow Mine  
  146  8:37  Marine  
  149  8:46  Widow Mine, Medivac, Marauder, Marine  
  149  8:48  Supply Depot  
  156  8:49  Medivac  
  156  8:51  SCV x2  
  156  8:52  Ghost Academy  
  160  8:56  Marauder x2  
  164  9:08  Widow Mine  
  161  9:10  Widow Mine  
  161  9:13  Marine x3  
  153  9:17  Marine x3  
  153  9:18  Marauder  
  153  9:22  Medivac  
  153  9:23  Command Center  
  156  9:30  Marine  
  158  9:31  SCV x3  
  158  9:32  Marine x2  
  158  9:38  Marauder, Marine x2  
  166  9:41  Widow Mine x2  
  168  9:46  Ghost  
  168  9:49  Refinery x2  
  168  9:55  Ghost  
  168  9:56  Marine  
  168  9:57  Marine x2  
  173  10:01  Terran Infantry Weapons Level 2  
  173  10:07  Supply Depot, Enhanced Shockwaves  
  173  10:08  Supply Depot  
  173  10:10  Missile Turret  
  173  10:15  SCV x2  
  173  10:18  Marine  
  173  10:19  Ghost  
  173  10:20  Ghost  
  169  10:22  Marine x3  
  169  10:26  Viking  
  170  10:30  Marine  
  170  10:35  Missile Turret  
  171  10:36  Barracks, Marine  
  171  10:37  Barracks  
  171  10:38  Barracks, Missile Turret  
  171  10:39  Terran Infantry Armor Level 2  
  171  10:41  SCV x2  
  168  10:49  Marauder x2, Marine x2  
  173  10:58  Marauder, Marine x2  
  173  11:01  SCV x3  
  173  11:03  Widow Mine x2  
  184  11:07  Marine x2  
  184  11:11  Viking x2  
  187  11:15  Planetary Fortress  
  187  11:16  Missile Turret  
  185  11:18  Command Center  
  185  11:22  Ghost  
  185  11:23  Ghost  
  185  11:24  Marine  
  179  11:41  Viking x2  
  179  11:42  Barracks Reactor, Marauder, Marine  
  179  11:43  Barracks Tech Lab x2, Marine  
  187  11:51  SCV x2, Marauder  
  187  11:52  Marauder  
  180  12:01  Marauder  
  180  12:02  Marauder  
  180  12:03  Marauder  
  168  12:11  Viking, Marine x2  
  168  12:12  Viking, Marauder  
  168  12:14  Marauder  
  154  12:16  Marine  
  154  12:17  Marine  
  154  12:21  Marine  
  157  12:23  Marauder x2  
  157  12:24  Marine  
  157  12:25  Marauder  
  157  12:27  Terran Infantry Weapons Level 3  
  157  12:29  Marine x2  
  166  12:34  Marauder  
  166  12:35  Marauder  
  170  12:37  Marine x2  
  170  12:38  Widow Mine  
  170  12:39  Widow Mine, Marine  
  170  12:42  Command Center  
  175  12:52  Marauder x2  
  175  12:55  Marauder x2, Marine x2  
  185  13:00  Widow Mine x2  
  185  13:01  Marauder, Marine x2  
  185  13:04  Terran Infantry Armor Level 3  
  187  13:14  Marauder x2  
  187  13:16  Marauder  
  190  13:30  Planetary Fortress  
  190  13:31  Marauder x2, Marine  
  190  13:32  Marine  
  178  13:35  Marauder  
  178  13:36  Marine  
  178  13:38  Medivac x2, Widow Mine x2  
  178  13:39  Ghost x2  
  178  13:41  Marine x3  
  174  13:48  SCV x2  
  153  13:49  Marine  
  153  13:50  Marine  
  153  13:52  Marine, Ghost  
  153  13:54  Marine  
  159  13:56  Marine  
  159  13:58  Marine  
  159  13:59  Marine  
  159  14:00  SCV x2  
  159  14:01  Widow Mine x2  
  162  14:09  Marauder  
  160  14:13  Medivac  
  150  14:20  Marine  
  150  14:21  Marauder x2  
  150  14:22  Widow Mine  
  150  14:23  SCV, Missile Turret, Widow Mine  
  131  14:32  Marauder, Marine x2  
  131  14:33  SCV  
  136  14:39  Medivac  
  136  14:42  SCV x2  
  136  14:44  Widow Mine x2  
  135  14:49  Marine  
  135  14:50  Ghost  
  125  14:56  Ghost  
  125  14:57  Marine  
  113  15:07  Ghost  
  113  15:09  Marine  
  113  15:12  Orbital Command  
  114  15:15  Marine  
  114  15:16  Marine, Ghost  
  114  15:17  Marine  
  117  15:28  Ghost  
  117  15:30  Marauder  
  117  15:33  Marine  
  117  15:35  Marine x3  
  121  15:36  Marine  
  121  15:39  Marine  
  121  15:40  Marine  
  121  15:41  Widow Mine x2  
  121  15:46  Marauder  
  114  15:53  Marauder  
  115  15:57  Marine  
  115  16:03  Marine  
  99  16:13  Marine  
  95  16:20  Marine  
Show
View Real Time Build Order
Export as new Build Order

Neeb Protoss - Winner!

Build Orders: 1 Gate Expand, Phoenix Opening 

Get SALT Encoding   

  12  0:01  Probe  
  13  0:13  Probe  
  14  0:17  Pylon  
  14  0:25  Probe (Chrono Boost)  
  15  0:37  Probe (Chrono Boost)  
  15  0:38  Gateway  
  16  0:44  Probe (Chrono Boost)  
  16  0:46  Assimilator  
  17  0:51  Probe  
  18  1:03  Probe  
  19  1:15  Probe  
  20  1:23  Nexus  
  20  1:33  Cybernetics Core  
  20  1:36  Probe (Chrono Boost)  
  20  1:40  Assimilator  
  20  1:48  Probe (Chrono Boost)  
  20  1:50  Pylon  
  21  1:57  Probe (Chrono Boost)  
  22  2:02  Probe  
  22  2:06  Adept (Chrono Boost)  
  23  2:14  Probe  
  26  2:22  Stargate  
  26  2:26  Probe  
  26  2:28  Adept  
  29  2:35  Probe (Chrono Boost)  
  30  2:38  Warp Gate  
  30  2:43  Probe (Chrono Boost)  
  31  2:47  Probe (Chrono Boost)  
  33  2:52  Probe (Chrono Boost)  
  33  2:53  Probe (Chrono Boost)  
  34  3:01  Probe  
  34  3:02  Probe  
  34  3:05  Phoenix  
  38  3:08  Adept  
  40  3:13  Probe  
  40  3:15  Probe  
  40  3:16  Pylon  
  40  3:25  Probe  
  40  3:28  Probe  
  40  3:29  Phoenix (Chrono Boost)  
  43  3:37  Probe  
  43  3:40  Probe  
  45  3:43  Nexus  
  45  3:48  Phoenix  
  45  3:52  Probe  
  48  3:55  Probe  
  48  4:01  Gateway  
  49  4:04  Gateway  
  49  4:06  Probe  
  49  4:08  Probe  
  51  4:13  Phoenix  
  51  4:16  Pylon  
  53  4:22  Twilight Council  
  53  4:26  Probe  
  53  4:31  Pylon  
  54  4:34  Probe, Stalker  
  54  4:37  Shield Battery  
  57  4:45  Probe  
  57  4:46  Probe  
  57  4:51  Pylon  
  59  4:55  Stalker  
  59  4:57  Probe  
  62  5:00  Stalker  
  62  5:01  Zealot  
  62  5:04  Charge (Chrono Boost)  
  60  5:09  Probe x2  
  60  5:13  Probe  
  63  5:20  Gateway  
  63  5:21  Gateway  
  63  5:23  Gateway x2  
  63  5:24  Probe x2  
  63  5:25  Gateway  
  65  5:29  Stalker  
  65  5:35  Stalker x2  
  69  5:39  Probe x3  
  72  5:47  Phoenix  
  74  5:56  Zealot  
  74  5:58  Probe, Pylon  
  74  6:01  Shield Battery  
  74  6:03  Zealot x2  
  79  6:04  Pylon  
  79  6:07  Forge  
  79  6:12  Phoenix  
  79  6:15  Pylon  
  81  6:18  Zealot x4  
  81  6:19  Zealot  
  81  6:24  Zealot x2  
  95  6:25  Zealot  
  95  6:29  Probe x3  
  95  6:32  Robotics Facility  
  100  6:34  Pylon  
  100  6:41  Probe  
  100  6:45  Probe x2, Assimilator  
  100  6:46  Assimilator  
  101  6:47  Pylon  
  101  6:48  Sentry  
  101  6:49  Zealot x2  
  101  6:54  Zealot x2, Pylon  
  111  7:01  Probe  
  111  7:02  Zealot, Sentry  
  116  7:15  Protoss Ground Armor Level 1 (Chrono Boost)  
  116  7:19  Zealot x4  
  116  7:22  Probe x3  
  125  7:28  Assimilator x2  
  125  7:32  Robotics Bay  
  125  7:37  Nexus  
  125  7:38  Probe  
  125  7:39  Pylon  
  125  7:41  Probe x2  
  128  7:48  Observer  
  128  7:51  Zealot x5, Sentry  
  141  8:02  Shield Battery  
  141  8:07  Zealot x2  
  141  8:08  Forge  
  145  8:14  Zealot x2  
  145  8:19  Extended Thermal Lance  
  149  8:24  Robotics Facility  
  149  8:33  Observer  
  149  8:35  Pylon x2  
  149  8:36  Pylon  
  149  8:44  Pylon x2  
  149  8:45  Protoss Ground Weapons Level 1 (Chrono Boost)  
  149  8:48  Probe x2  
  149  8:49  Zealot x2  
  149  8:50  Colossus (Chrono Boost)  
  161  8:57  Zealot x6  
  171  9:10  Observer  
  167  9:18  Colossus (Chrono Boost)  
  167  9:20  Protoss Ground Armor Level 2 (Chrono Boost)  
  171  9:25  Probe x3  
  174  9:33  Colossus (Chrono Boost)  
  174  9:34  Probe  
  181  9:44  Nexus  
  181  9:45  Templar Archives  
  179  9:46  Dark Shrine  
  179  9:52  Probe x2  
  181  9:53  Probe, Blink, Photon Cannon  
  181  9:56  Photon Cannon  
  181  9:57  Pylon  
  182  10:00  Stalker x3  
  188  10:07  Observer  
  188  10:08  Pylon  
  188  10:09  Gateway  
  188  10:11  Gateway  
  188  10:13  Gateway  
  188  10:14  Gateway  
  156  10:30  High Templar x3  
  156  10:31  Disruptor, Zealot x4, High Templar  
  156  10:32  Disruptor  
  156  10:33  Probe x2  
  156  10:34  Probe  
  181  10:37  Photon Cannon  
  181  10:38  Shield Battery  
  180  10:45  Protoss Ground Weapons Level 2 (Chrono Boost)  
  180  10:49  Archon  
  180  10:54  Archon  
  180  10:55  Zealot  
  180  10:57  Zealot x3  
  174  11:12  Stalker x8  
  174  11:14  Disruptor (Chrono Boost)  
  191  11:23  Disruptor (Chrono Boost)  
  175  11:30  Zealot x4  
  182  11:37  Shadow Stride (Chrono Boost), Zealot x8  
  198  11:43  Nexus  
  180  12:01  Zealot x2  
  180  12:02  Stalker x5  
  180  12:03  Zealot x2  
  175  12:09  Disruptor  
  175  12:12  Disruptor  
  159  12:21  Zealot x4  
  159  12:22  Zealot  
  169  12:25  Assimilator x2  
  169  12:26  Pylon  
  169  12:29  Zealot x2, Protoss Ground Armor Level 3 (Chrono Boost)  
  173  12:30  Zealot x5  
  179  12:52  Pylon  
  179  12:56  Zealot x10  
  199  13:05  Protoss Ground Weapons Level 3 (Chrono Boost)  
  189  13:18  Zealot x8  
  197  13:32  Zealot x2, Dark Templar  
  181  13:37  Disruptor x2 (Chrono Boost)  
  169  13:45  Probe  
  169  13:46  Probe x2  
  167  13:53  Zealot x11  
  159  14:13  Observer x2 (Chrono Boost)  
  159  14:16  Probe x3  
  163  14:20  Pylon  
  163  14:21  Nexus  
  155  14:32  Dark Templar x12  
  175  14:42  Observer x2  
  173  14:58  Observer  
  159  15:00  Gravitic Boosters (Chrono Boost)  
  159  15:03  Probe x2  
  159  15:04  Probe  
  160  15:12  Stalker x11  
  160  15:13  Zealot  
  182  15:53  Zealot x10  
  178  16:30  Stalker x7  
  178  16:31  Stalker x2  
  185  16:36  Disruptor x2  
  185  16:41  Pylon  
  185  16:43  Nexus  
  183  17:11  Pylon  
  183  17:13  Pylon  
  183  17:16  Pylon  
  183  17:17  Pylon  
  183  17:19  Pylon  
  183  17:22  Pylon  
  175  17:24  Pylon  
  175  17:25  Pylon  
Tags
 
Add a new tag
Caveats
  • Supply blocks, unpowered buildings, or Contaminate may cause inaccurate times.
  • Supply counts are checked every 10 seconds.